 Dungeon Crawl Stone Soup version 0.31-a0-1074-g0b22e4e0f1 (webtiles) character file.

Game seed: 1607548152520969488

123 IdlyInterested the Ruffian (level 4, -1/35 HPs)
             Began as a Demonspawn Gladiator on Dec 8, 2023.
             Slain by Grinder (8 damage)
             ... while paralysed by Grinder
             ... on level 3 of the Dungeon.
             The game lasted 00:05:14 (1746 turns).

IdlyInterested the Ruffian (Demonspawn Gladiator)   Turns: 1746, Time: 00:05:15

Health: -1/35      AC: 11    Str: 17    XL:     4   Next: 79%
Magic:  4/4        EV:  2    Int: 15    God:
Gold:   98         SH:  0    Dex: 16    Spells: 3/3 levels left

rFire   . .          .
                       - Unarmed
rCold   . . .        (no shield)
rNeg    + . .        t - +1 scale mail {rN+}
rPois   .            b - +0 helmet
rElec   .            s - +1 cloak
rCorr   .            (no gloves)
SInv    .            a - +0 pair of boots
Will    .....        (no amulet)
Stlth   +            e - +6 ring of intelligence
HPRegen 0.25/turn    (no ring)
MPRegen 0.09/turn

%: no passive effects
@: paralysed
A: thin skeletal structure 1
a: no special abilities


You were on level 3 of the Dungeon.
You visited 1 branch of the dungeon, and saw 3 of its levels.

You collected 98 gold pieces.

Inventory:

Hand Weapons
 i - a +0 long sword
 j - a +0 spear
 w - a +0 short sword
Missiles
 c - 3 throwing nets
 d - 3 javelins
 h - 9 stones (quivered)
Armour
 a - a +0 pair of boots (worn)
 b - a +0 helmet (worn)
 g - a +0 plate armour
 s - a +1 cloak (worn)
 t - a +1 scale mail of positive energy (worn)
 x - a +1 robe of cold resistance
Jewellery
 e - a +6 ring of intelligence (left hand)
 u - an amulet of faith
Talismans
 k - a flux talisman
Scrolls
 f - 2 scrolls of teleportation {unknown}
 o - 2 scrolls of blinking {unknown}
 q - a scroll of enchant weapon {unknown}
 r - 4 scrolls of identify {unknown}
 y - 2 scrolls of noise {unknown}
Potions
 l - 3 potions of mutation {unknown}
 m - a potion of curing
 n - 2 potions of enlightenment {unknown}
 p - a potion of attraction
 v - 2 potions of berserk rage {unknown}


   Skills:
 - Level 3.0 Fighting
 - Level 3.0 Throwing
 + Level 1.9 Armour
 - Level 3.0 Dodging
 - Level 3.0 Unarmed Combat


You had 3 spell levels left.
You didn't know any spells.
Your spell library was empty.

Dungeon Overview and Level Annotations

Branches:
Dungeon (3/15)

Altars:
Xom

Annotations:
D:3 Grinder


Innate Abilities, Weirdness & Mutations

You have a somewhat thin skeletal structure. (Dex +2, Stealth+)


Message History

You suddenly lose the ability to move!
Grinder hits you. x2
You writhe in agony.
Grinder gestures at you.
You shrug off the repeated paralysis!
Grinder says, "Just stop there for a second..."
Grinder hits you.
You writhe in agony.
Grinder gestures at you.
You are unaffected.
You can move again.
You hit Grinder.
Grinder is severely wounded.
Grinder says, "You look like you could use a good racking."
Grinder barely misses you.
You hit Grinder.
Grinder is severely wounded.
Grinder blinks!
Found 3 gold pieces.
Grinder gestures at you. Pain shoots through your body!
Found 7 gold pieces.
Grinder barely misses you.
You hit Grinder.
Grinder is severely wounded.
Grinder hits you but does no damage.
You hit Grinder but do no damage.
Grinder is severely wounded.
Grinder misses you.
You hit Grinder.
Grinder is almost dead.
Grinder hits you.
* * * LOW HITPOINT WARNING * * *
You writhe in agony.
* * * LOW HITPOINT WARNING * * *
You hit Grinder.
Grinder is almost dead.
Grinder gestures at you.
You suddenly lose the ability to move!
Grinder hits you!
You die...
Grinder says, "Now the real fun starts!"

.....# ######
..$............ #
...............
......≈......$.
......≈≈........
........≈........
##.≈≈≈............
##≈≈≈......5...>...
##≈≈........@.......
.~≈....≈~...........
#.≈≈~..≈~..........
#####.≈...≈≈.....≈≈≈.
......≈..........≈.≈.
................≈.≈.
########.......###..≈.≈#
##8##8###......## ....##
.......'........# ...##


You could see Grinder.

Vanquished Creatures
  A phantom (D:3)
  An adder (D:2)
  A worm (D:2)
  A dart slug (D:1)
  3 endoplasms (D:1)
  5 goblins
  5 hobgoblins
  2 jackals (D:2)
  A quokka (D:1)
  5 ball pythons
  3 frilled lizards
  3 kobolds (D:2)
  5 rats
36 creatures vanquished.

Notes
Turn   | Place    | Note
-------+----------+-------------------------------------------
     0 | D:1      | IdlyInterested the Demonspawn Gladiator began the quest for
                  | the Orb.
     0 | D:1      | Reached XP level 1. HP: 16/16 MP: 1/1
   399 | D:1      | Gained mutation: You have a somewhat thin skeletal
                  | structure. (Dex +2, Stealth+) [demonic ancestry]
   399 | D:1      | Reached XP level 2. HP: 22/22 MP: 2/2
   673 | D:1      | Reached skill level 1 in Armour
  1031 | D:2      | Found a shimmering altar of Xom.
  1108 | D:2      | Reached XP level 3. HP: 28/28 MP: 3/3
  1652 | D:3      | Noticed a phantom
  1672 | D:3      | Killed a phantom
  1673 | D:3      | Reached XP level 4. HP: 32/35 MP: 4/4
  1682 | D:3      | Noticed Grinder
  1701 | D:3      | Paralysed by Grinder for 4 turns
  1711 | D:3      | Paralysed by Grinder for 4 turns
  1731 | D:3      | Paralysed by Grinder for 5 turns
  1745 | D:3      | Paralysed by Grinder for 3 turns
  1746 | D:3      | Slain by Grinder

Illustrated notes

Levels and vault maps discovered:
D:1:      lightli_arrival_noodles, layout_loops_corners, hangedman_decor_points,
          minmay_pentomino_v2
D:2:      layout_rooms, basic_altar
D:3:      layout_basic, hellmonk_sif_muna_bookshelves, serial_rivers,
          chequers_serial_rivers_marsh, chequers_serial_rivers_micro_a,
          chequers_serial_rivers_small_b, chequers_serial_rivers_small_b,
          mrwooster_statue_mirror, dk_noncrumbling_2,
          chequers_serial_rivers_micro_d, uniq_crazy_yiuf_cottage, uniq_grinder,
          uniq_sigmund

Skill      XL: |  1  2  3 |
---------------+----------+-----
Unarmed Combat | 3 |  3.0
Dodging        | 3 |  3.0
Throwing       | 2 3 |  3.0
Armour         | 1 |  1.9
Fighting       | 3 |  3.0

Action                     |  1- 3 |  4- 6 || total
---------------------------+-------+-------++-------
  Melee: Unarmed           |   162 |    25 ||   187
         Punch             |     4 |     2 ||     6
  Throw: Stone             |       |    15 ||    15
    Use: Potion            |     2 |       ||     2
 Armour: Scale mail        |   103 |    16 ||   119
         Leather armour    |     1 |       ||     1
  Dodge: Dodged            |    91 |    11 ||   102

Table legend: (Time is in decaauts)
 A = Elapsed time spent in this place.
 B = Non-inter-level travel time spent in this place.
 C = Inter-level travel time spent in this place.
 D = Time resting spent in this place.
 E = Time spent auto-exploring this place.
 F = Levels seen in this place.
 G = Mean time per level.
                   A        B        C        D        E       F      G
               +--------+--------+--------+--------+--------+-----+--------+
         Total |   1733 |   1685 |     48 |     63 |   1039 |   3 |  577.7 |
       Dungeon |   1733 |   1685 |     48 |     63 |   1039 |   3 |  577.7 |
               +--------+--------+--------+--------+--------+-----+--------+

Top non-repeatable levels by time:
     D:1: 973 daAuts
     D:2: 570 daAuts
     D:3: 190 daAuts
